 Dungeon Crawl Stone Soup version 0.23.2-32-g37ab1d4649 (webtiles) character file.

Game seed: 16106639832992530831

51 FABLE the Firebug (level 3, -1/26 HPs)
             Began as a Demigod Fire Elementalist on June 25, 2019.
             Succumbed to a scorpion's poison
             ... on level 2 of the Dungeon.
             The game lasted 00:14:01 (1746 turns).

FABLE the Firebug (Demigod Fire Elementalist)       Turns: 1746, Time: 00:14:01

Health: -1/26      AC:  3    Str: 11    XL:     3   Next: 38%
Magic:  3/9        EV: 13    Int: 24    God:
Gold:   20         SH:  0    Dex: 16    Spells: 3/6 levels left

rFire    . . .     SeeInvis .   d - +0 hunting sling
rCold    . . .     Gourm    .   (no shield)
rNeg     . . .     Faith    .   b - +0 animal skin
rPois    .         Spirit   .   k - +0 helmet
rElec    .         Reflect  .   (no cloak)
rCorr    .         Harm     .   (no gloves)
MR       .....                  (no boots)
Stlth    ++........             (no amulet)
HPRegen  0.08/turn              h - +3 ring of intelligence
MPRegen  0.11/turn              (no ring)

@: lethally poisoned (-1 -> -16)
A: high mp 1
a: no special abilities


You were on level 2 of the Dungeon.
You were not hungry.

You visited 1 branch of the dungeon, and saw 4 of its levels.

You collected 20 gold pieces.

Inventory:

Hand Weapons
 d - a +0 hunting sling (weapon)
 i - a +0 mace
Missiles
 g - 66 stones (quivered)
Armour
 a - a +0 robe
 b - a +0 animal skin (worn)
 e - a +0 scale mail
 f - a +0 robe
 j - +0 swamp dragon scales
 k - a +0 helmet (worn)
Jewellery
 h - a +3 ring of intelligence (left hand)
Comestibles
 c - 3 rations


   Skills:
 + Level 0.1 Fighting
 + Level 0.1 Slings
 + Level 2.1 Dodging
 + Level 2.0 Stealth
 + Level 2.2 Spellcasting
 + Level 1.1 Conjurations
 + Level 3.4 Fire Magic


You had 3 spell levels left.
You knew the following spells:

 Your Spells              Type           Power        Failure   Level  Hunger
a - Flame Tongue          Conj/Fire      ##...        4%          1    None
b - Throw Flame           Conj/Fire      ##....       7%          2    ##.....

Your spell library contained the following spells:

 Spells                   Type           Power        Failure   Level  Hunger
 Conjure Flame            Conj/Fire      ##......     14%         3    ###....
 Inner Flame              Hex/Fire       ##......     17%         3    ###....
 Sticky Flame             Conj/Fire      ##......     43%         4    ####...
 Fireball                 Conj/Fire      ##........   78%         5    ######.


Dungeon Overview and Level Annotations

Branches:
Dungeon (4/15)
 Temple: D:4-7


Innate Abilities, Weirdness & Mutations

You have an increased reservoir of magic. (+10% MP)


Message History

The scorpion poisons you!
You feel sick.
You feel sick.
You feel sick. The scorpion stings you!
There is a stone staircase leading up here.
You can't go down here!
The scorpion barely misses you.
You climb upwards.
You feel sick.
There is a stone staircase leading down here.
The scorpion barely misses you.
There is a stone staircase leading up here.
The scorpion stings you.
* * * LOW HITPOINT WARNING * * *
You are more poisoned.
The scorpion poisons you!
You climb upwards.
* * * LOW HITPOINT WARNING * * *
You feel sick.
There is a stone staircase leading down here.
You die...

## ...
#.##......<.......#
...###'##....#.........#
#'##.........#.........#
#.##.........#.........#
#.##.........#..)......#
#.##.........#.........#
#.##...#.....#.........#
#.##...#.....#.........#
#.....)..@s.......######
####...#..........#
#...#..........#
#...#..........#
#...#..........#
#...#..........#
#####..........#
#..........# ###########


You could see a scorpion.

Vanquished Creatures
  Robin (D:2)
  2 leopard geckos (D:2)
  2 bats
  2 giant cockroaches
  8 goblins (D:2)
  5 hobgoblins (D:2)
  A ball python (D:2)
  3 frilled lizards
  7 kobolds
  7 rats
38 creatures vanquished.

Notes
Turn   | Place    | Note
-------+----------+-------------------------------------------
     0 | D:1      | FABLE the Demigod Fire Elementalist began the quest for the
                  | Orb.
     0 | D:1      | Reached XP level 1. HP: 14/14 MP: 5/5
   450 | D:1      | Reached XP level 2. HP: 19/20 MP: 1/7
   456 | D:1      | Learned a level 2 spell: Throw Flame
   534 | D:2      | Reached skill level 3 in Fire Magic
   847 | D:2      | HP: 1/20 [goblin/stone[Robin] (4)]
  1159 | D:2      | Reached skill level 1 in Conjurations
  1247 | D:2      | Reached XP level 3. HP: 26/26 MP: 5/8
  1299 | D:2      | Noticed Robin
  1355 | D:2      | Killed Robin
  1726 | D:4      | Noticed a scorpion
  1745 | D:2      | HP: 1/26 [poisoned by a scorpion]
  1746 | D:2      | Succumbed to a scorpion's poison

Skill      XL: |  1  2  3 |
---------------+----------+-----
Spellcasting   | 2 |  2.2
Dodging        | 2 |  2.1
Fire Magic     | 3 |  3.4
Conjurations   | 1 |  1.1
Stealth        | 2 |  2.0
Fighting       | |  0.1
Slings         | |  0.1

Action                   || total
-------------------------++-------
Melee: Unarmed           ||    16
       Mace              ||     1
 Fire: Hunting sling     ||    18
Throw: Stone             ||     4
 Cast: Flame Tongue      ||    37
       Throw Flame       ||    23
  Use: Potion            ||     3
       Scroll            ||     1
  Eat: Ration            ||     1
       Chunk             ||     1
Armor: Robe              ||     8
       Skin              ||     1
       Animal skin       ||     1
Dodge: Dodged            ||    54
